 Dungeon Crawl Stone Soup version 0.30.1-4-g462c640d31 (webtiles) character file.

Game seed: 3060114798727993358

209990 spardeous the Slayer (level 18, -12/187 HPs)
             Began as a Minotaur Berserker on Aug 21, 2023.
             Was the Champion of Trog.
             Succumbed to a sea snake's poison
             ... on level 1 of the Shoals.
             The game lasted 01:04:45 (36566 turns).

spardeous the Slayer (Minotaur Berserker)          Turns: 36566, Time: 01:04:46

Health: -12/187    AC: 41    Str: 26    XL:     18   Next: 17%
Magic:  17/17      EV: 11    Int:  3    God:    Trog [******]
Gold:   1505       SH: 18    Dex: 18    Spells: 17/17 levels left

rFire   + + .        V - +8 eveningstar (heavy)
rCold   + + .        y - +1 kite shield {rF+}
rNeg    + + .        b - +4 gold dragon scales
rPois   +            z - +0 hat
rElec   +            R - +2 ratskin cloak {*Rats rPois rN+ Str-1 Int-1 Dex+1}
rCorr   .            S - +3 pair of gloves "Beeghef" {+Blink rElec Int-5}
SInv    .            M - +0 pair of boots
Will    .....        L - amulet of Beauty {Reflect SH+5 Stlth+} Stlth
                     r - +6 ring of dexterity
HPRegen 0.51/turn    Y - ring of Ywkepogath {rC+ rN+ AC+4 Int+5}
MPRegen 0.15/turn

%: reflection
@: lethally poisoned (-12 -> -111), weak-willed, afraid, engulfed (cannot
breathe), mesmerised, hasted, invisible, slow
A: horns 2, retaliatory headbutt, weak 1, wild magic 1
}: 1/15 runes: serpentine
a: Renounce Religion, Evoke Blink, Berserk, Trog's Hand, Brothers in Arms


You were on level 1 of the Shoals.
You worshipped Trog.
Trog was exalted by your worship.
You visited 5 branches of the dungeon, and saw 27 of its levels.
You visited the Abyss 1 time.
You also visited: Sewer, Ossuary and Gauntlet.

You collected 2815 gold pieces.
You spent 1310 gold pieces at shops.

Inventory:

Hand Weapons
 G - the +10 demon whip of Hacking and Slashing {flame, Drain Dex+4}
   (Trog gifted it to you on level 1 of the Snake Pit)

   Dex:       It affects your dexterity (+4).
   Drain:     It drains your maximum health when unequipped.
 K - a +6 sling
 V - a +8 heavy eveningstar (weapon)
Missiles
 d - 12 javelins
 N - 7 silver javelins (quivered)
Armour
 b - +4 gold dragon scales (worn)
 y - a +1 kite shield of fire resistance (worn)
 z - a +0 hat (worn)
 M - a +0 pair of boots (worn)
 R - the +2 ratskin cloak (worn) {*Rats rPois rN+ Str-1 Int-1 Dex+1}
   (You found it in a Gauntlet)

   *Rats:     When the wearer is hurt, rats may emerge from it to assist them.
   Str:       It affects your strength (-1).
   Int:       It affects your intelligence (-1).
   Dex:       It affects your dexterity (+1).
   rPois:     It protects you from poison.
   rN:        It protects you from negative energy.
 S - the +3 pair of gloves "Beeghef" (worn) {+Blink rElec Int-5}
   (You found it on level 5 of the Lair of Beasts)

   Int:       It affects your intelligence (-5).
   rElec:     It insulates you from electricity.
   +Blink:    It lets you blink.
Jewellery
 r - a +6 ring of dexterity (left hand)
 B - a ring of willpower
 H - a ring of see invisible
 L - the amulet of Beauty (around neck) {Reflect SH+5 Stlth+}
   (You found it on level 5 of the Lair of Beasts)

   [amulet of reflection]

   It reflects blocked missile attacks.
   SH:        It affects your SH (+5).
   Stlth:     It makes you more stealthy.
 Y - the ring of Ywkepogath (right hand) {rC+ rN+ AC+4 Int+5}
   (You found it on level 12 of the Dungeon)

   [ring of protection]

   AC:        It affects your AC (+4).
   Int:       It affects your intelligence (+5).
   rC:        It protects you from cold.
   rN:        It protects you from negative energy.
Wands
 g - a wand of mindburst (8)
 m - a wand of flame (72)
 A - a wand of iceblast (49)
 U - a wand of quicksilver (4)
Scrolls
 c - 8 scrolls of magic mapping
 e - 6 scrolls of poison
 f - 2 scrolls of immolation
 h - 2 scrolls of butterflies
 k - 2 scrolls of silence
 o - 9 scrolls of torment
 p - 5 scrolls of vulnerability
 q - 4 scrolls of fog
 D - 14 scrolls of teleportation
 F - 2 scrolls of blinking
 O - 3 scrolls of fear
Potions
 i - 5 potions of brilliance
 j - 5 potions of magic
 l - 4 potions of might
 s - 4 potions of lignification
 u - a potion of mutation
 v - 3 potions of haste
 w - 2 potions of cancellation
 x - 4 potions of berserk rage
 C - 5 potions of attraction
 I - a potion of resistance
 P - 4 potions of ambrosia
 Q - a potion of heal wounds
 W - 10 potions of curing
 X - 4 potions of flight
Miscellaneous
 a - a condenser vane
 T - a phantom mirror


   Skills:
 + Level 22.8 Fighting
 - Level 15.3(17.5) Axes
 - Level 14.2(17.0) Maces & Flails
 - Level 19.7 Armour
 - Level 12.5 Dodging
 - Level 11.0 Shields


You had 17 spell levels left.
You didn't know any spells.
Your spell library contained the following spells:

 Spells                   Type           Power      Damage    Failure   Level
 Ozocubu's Armour         Ice            0%         N/A       100%        3
 Ozocubu's Refrigeration  Ice            0%         4d7       100%        7


Dungeon Overview and Level Annotations

Branches:
Dungeon (15/15)            Temple (0/1) D:5            Lair (5/5) D:10
 Shoals (1/4) Lair:2        Snake (4/4) Lair:3        Slime (0/5) Lair:5
    Orc (2/2) D:11            Elf (0/3) Orc:2        Vaults (0/5) D:14
 Depths (0/4) D:15          Sewer (visited)         Ossuary (visited)
Gauntlet (visited)

Altars:
Ashenzari
Dithmenos
Elyvilon
Gozag
Hepliaklqana
Kikubaaqudgha
Okawaru
Qazlal
Sif Muna
Vehumet
Wu Jian

Shops:
D:6 *   D:9 =   Orc:1 !   Orc:2 *(:=   Snake:1 [   Snake:3 :==   Snake:4 (:(

Portals:
Trove: D:10 (give +2 shadow dragon scales)

Annotations:
D:4 3 runed translucent doors, Babbit's ghost, novice GrEE


Innate Abilities, Weirdness & Mutations

You have a pair of horns on your head.
You reflexively headbutt those who attack you in melee.
You are weak. (Str -2)
Your spells are a little harder to cast, but a little more powerful.


Message History

The merfolk siren chants its luring song.
The sea snake bites you!!
You wake up.
* * * LOW HITPOINT WARNING * * *
You are lethally poisoned!
The sea snake poisons you!
The faun shoots a sling bullet.
The sling bullet hits the dream sheep!
The dream sheep dies!
You block the manticore's attack. x3
The water elemental completely misses you.
The faun shoots a sling bullet.
The sling bullet hits the satyr!
The dream sheep bites you but does no damage.
The satyr unwields a +0 club.
The satyr wields a +0 longbow.
The satyr shoots an arrow.
The arrow closely misses the dream sheep.
The arrow closely misses you.
The arrow hits the sea snake!!
You take 5 damage, and have 12/187 hp.
Okay, then.
You cannot read scrolls while unable to breathe!
Unknown command.
You feel much better.
* * * LOW HITPOINT WARNING * * *
Your lungs strain for air!
* * * LOW HITPOINT WARNING * * *
You feel extremely sick.
The faun shoots a sling bullet.
The sling bullet barely misses you.
The sling bullet completely misses the water elemental.
The sling bullet hits the manticore.
The faun unwields a +0 spear.
The faun wields a +0 sling.
The faun shoots a sling bullet.
The sling bullet hits the satyr!!
The snapping turtle bites you but does no damage.
The dream sheep bites you but does no damage.
The dream sheep barely misses you. The sea snake bites you.
* * * LOW HITPOINT WARNING * * *
You are more poisoned.
The sea snake poisons you!
The merfolk siren chants its luring song.
Your unstable footing causes you to fumble your attack.
* * * LOW HITPOINT WARNING * * *
Your lungs strain for air!
You die...

.≈≈≈≈≈≈≈≈≈≈≈≈≈...
.........≈≈≈≈≈≈≈≈≈≈≈....
..........≈≈≈≈≈≈≈≈≈.....
~...........≈≈≈≈≈.......
~~...(......~~~.........
~~...ccmE....~~~.?......
~~.~ctcSEH...~~~........
~≈~~≈YYYEm.#.r......#.##
~≈≈≈≈≈H@YE..........#.#
~~~≈≈≈~~S...$.......#..
~~~~~c≈t~~..........#.##
≈≈~≈≈~~~~~~~~.......#.#
~≈≈≈~~~...~~~..P....#.#
~≈≈≈≈~~...~~~~P....P#
~~~≈≈≈~~.~~~r~~~.P.P!
~~~~≈~~~~~~~.~~~P....


You could see a satyr (scary), 2 sea snakes, a merfolk aquamancer, 2 snapping
turtles, 4 fauns, 2 manticores, 4 water elementals, a merfolk siren
(mesmerising), 4 dream sheep and 2 friendly river rats.

Vanquished Creatures
  Bai Suzhen (Snake:4)
  Vashnia (Snake:2)
  Kirke (Snake:2)
  Gastronok (Lair:1)
  The ghost of monsoonserge the Brawler, a journeyman TrFi of Wu Jian (Snake:3)
  Donald (Snake:1)
  21 nagarajas
  Louise (Snake:1)
  The ghost of cheesebisquit the Brawler, a journeyman TrFi of Wu Jian (Lair:5)
  An orc warlord (Orc:1)
  The ghost of spardeous the Severer, a journeyman MiBe of Trog (D:13)
  Azrael (Orc:2)
  A minotaur (Gauntlet)
  An ettin (D:15)
  2 vault guards (D:14)
  A salamander tyrant (Snake:4)
  2 hydras
  12 anacondas
  6 centaur warriors
  A boulder beetle (D:11)
  Erica (D:8)
  19 naga warriors
  4 two-headed ogres
  A tengu warrior (D:15)
  An orc high priest (Orc:2)
  7 shock serpents
  Urug (D:11)
  17 naga sharpshooters
  Sonja (Lair:1)
  5 skeletal warriors (D:13)
  A skyshark (Lair:5)
  2 deep trolls (D:15)
  A goliath frog (Lair:5)
  4 salamander mystics (Snake:4)
  11 naga ritualists
  2 deep elf pyromancers
  3 wizards
  2 orc knights (Orc:2)
  A harpy (D:13)
  Pikel (D:8)
  19 mana vipers
  A large abomination (Gauntlet)
  10 manticores
  An oklob plant (Lair:5)
  3 orc sorcerers
  4 fauns (Shoals:1)
  3 cyclopes
  18 salamanders
  An ugly thing (D:12)
  A moth of wrath (D:13)
  Joseph (D:14)
  17 elephants
  52 black mambas
  6 guardian serpents
  2 merfolk sirens (Shoals:1)
  2 water nymphs (Shoals:1)
  An eye of devastation (Gauntlet)
  21 naga magi
  4 gargoyles
  24 cane toads
  2 unseen horrors
  2 efreet (D:15)
  2 rime drakes (Lair:4)
  A minotaur zombie (Gauntlet)
  A freezing wraith (D:15)
  12 komodo dragons
  An anaconda simulacrum (Snake:3)
  4 trolls
  2 wind drakes
  3 hornets (Lair:5)
  3 tyrant leeches (Lair:5)
  A polar bear (Lair:4)
  8 meliai
  A queen bee (Lair:5)
  23 blink frogs
  A snapping turtle (Shoals:1)
  16 dream sheep
  A spectral black mamba (Snake:3)
  23 slime creatures
  A vampire (D:12)
  Sigmund (D:2)
  A shock serpent simulacrum (Snake:3)
  2 shadows
  2 wyverns (Lair:1)
  4 fire elementals (Orc:2)
  28 yaks
  The ghost of Taurus the Chopper, an amateur MiFi (D:3)
  2 wraiths (D:13)
  4 basilisks
  5 hogs (Snake:2)
  8 humans (D:14)
  A redback (D:13)
  10 vampire mosquitoes
  A mana viper simulacrum (Snake:3)
  6 wargs
  56 nagas
  2 acid dragons
  A floating eye (Gauntlet)
  4 spectral nagas (Snake:3)
  19 water moccasins
  3 ice beasts
  A black mamba simulacrum (Snake:3)
  35 orc warriors
  A sky beast (D:7)
  8 ogres
  2 black bears
  20 wolves
  4 boggarts (D:14)
  15 centaurs
  2 elf zombies (Ossuary)
  2 kobold brigands
  A lemure (D:8)
  18 bullfrogs
  2 gnoll sergeants
  2 scorpions
  A salamander simulacrum (Snake:3)
  A naga simulacrum (Snake:3)
  4 small abominations (Gauntlet)
  7 wights
  8 killer bees
  An electric eel (Lair:5)
  2 howler monkeys
  3 lava snakes (Lair:3)
  3 hounds
  2 jellies
  2 human zombies (Ossuary)
  13 orc priests
  Crazy Yiuf (D:7)
  A gnoll bouda (D:8)
  3 iguanas
  A sleepcap (D:7)
  Jessica (D:2)
  38 orc wizards
  A hound zombie (Ossuary)
  4 mummies (Ossuary)
  Robin (D:4)
  17 gnolls
  16 adders
  2 river rats (D:4)
  A shadow imp (D:5)
  A white imp (D:7)
  An ufetubus (D:5)
  2 adder zombies (Ossuary)
  3 worms
  5 dart slugs
  79 orcs
  13 endoplasms
  10 giant cockroaches
  A gnoll zombie (Ossuary)
  6 goblins
  12 hobgoblins
  3 quokkas
  9 ball pythons
  3 bats
  5 frilled lizards
  A goblin zombie (Ossuary)
  17 kobolds
  A kobold zombie (Ossuary)
  2 orc zombies (Ossuary)
  10 rats
  A spectral orc (D:9)
1035 creatures vanquished.

Vanquished Creatures (collateral kills)
  A nagaraja (Snake:4)
  A shock serpent (Snake:2)
  A naga ritualist (Snake:4)
  An orange crystal statue (Gauntlet)
  A lindwurm (Lair:5)
  2 elephants
  A kobold demonologist (D:11)
  A basilisk (Lair:1)
  A naga (Snake:3)
  An orc wizard (Orc:2)
11 creatures vanquished.

Vanquished Creatures (others)
  A dream sheep (Shoals:1)
  3 humans
  An orc priest (Orc:2)
5 creatures vanquished.

Grand Total: 1051 creatures vanquished

Notes
Turn   | Place    | Note
-------+----------+-------------------------------------------
     0 | D:1      | spardeous the Minotaur Berserker began the quest for the
                  | Orb.
     0 | D:1      | Reached XP level 1. HP: 19/19 MP: 0/0
   215 | D:1      | Reached XP level 2. HP: 26/26 MP: 1/1
   952 | D:2      | Reached skill level 5 in Axes
  1021 | D:2      | Noticed Jessica
  1025 | D:2      | Reached ** piety under Trog
  1028 | D:2      | Killed Jessica
  1029 | D:2      | Reached XP level 3. HP: 23/31 MP: 2/2
  1221 | D:2      | Noticed Sigmund
  1233 | D:2      | Killed Sigmund
  1234 | D:2      | Reached XP level 4. HP: 22/39 MP: 3/3
  1234 | D:2      | Reached XP level 5. HP: 26/45 MP: 4/4
  1688 | D:3      | Noticed Taurus's ghost (amateur MiFi)
  1688 | D:3      | Found a runed translucent door.
  2065 | D:3      | Reached XP level 6. HP: 51/51 MP: 5/5
  2183 | D:3      | Found a faded altar of an unknown god.
  2382 | D:4      | Found a runed translucent gate.
  2382 | D:4      | Found a runed translucent gate.
  2385 | D:4      | Found a runed translucent gate.
  2385 | D:4      | Found a glowing drain.
  2428 | Sewer    | Entered a sewer
  2586 | Sewer    | Reached *** piety under Trog
  2603 | Sewer    | Found a viscous altar of Jiyva.
  2712 | D:4      | Noticed Babbit's ghost (novice GrEE)
  2785 | D:4      | Noticed Robin
  2795 | D:4      | Killed Robin
  3187 | D:4      | Reached XP level 7. HP: 56/57 MP: 6/6
  3262 | D:4      | Reached skill level 10 in Axes
  3943 | D:3      | Killed Taurus's ghost
  4052 | D:5      | Entered Level 5 of the Dungeon
  4146 | D:5      | Reached XP level 8. HP: 62/64 MP: 7/7
  4269 | D:5      | Found a staircase to the Ecumenical Temple.
  4341 | D:5      | Reached **** piety under Trog
  4363 | D:5      | Found a sand-covered staircase.
  4373 | Ossuary  | Entered an ossuary
  4839 | D:5      | Found an iron altar of Okawaru.
  4842 | D:5      | Identified the +4 hand axe of the Radish {freeze, Contam
                  | rElec rPois Int+5}
  4965 | D:5      | Found an ancient bone altar of Kikubaaqudgha.
  5381 | D:6      | Found Wuitat's Lightly-Used Armoury.
  5435 | D:6      | Reached skill level 4 in Fighting
  5515 | D:6      | Reached XP level 9. HP: 72/72 MP: 8/8
  5555 | D:6      | Found an opulent altar of Gozag.
  5713 | D:6      | Found an ornate altar of the Wu Jian Council.
  6016 | D:7      | Reached skill level 5 in Fighting
  6117 | D:7      | Gained mutation: Your spells are a little harder to cast,
                  | but a little more powerful. [potion of mutation]
  6118 | D:7      | HP: 2/74 [wight/+2 hand axe (4)]
  6133 | D:7      | Noticed a gargoyle
  6347 | D:7      | Reached skill level 6 in Fighting
  6348 | D:7      | Killed a gargoyle
  6430 | D:7      | Reached skill level 7 in Fighting
  6639 | D:7      | Found a runed translucent door.
  6640 | D:7      | Noticed Crazy Yiuf
  6678 | D:7      | Found a radiant altar of Vehumet.
  6711 | D:7      | Reached skill level 8 in Fighting
  7061 | D:7      | Killed Crazy Yiuf
  7227 | D:8      | Reached skill level 9 in Fighting
  7320 | D:8      | Found a broken altar of Ashenzari.
  7412 | D:8      | Noticed Pikel
  7424 | D:8      | Killed Pikel
  7425 | D:8      | Reached skill level 10 in Fighting
  7425 | D:8      | Reached XP level 10. HP: 76/93 MP: 5/9
  7506 | D:8      | Noticed Erica
  7531 | D:8      | HP: 3/93 [Erica/+4 scimitar of flaming (11)]
  7531 | D:8      | HP: 1/93 [Erica/+4 scimitar of flaming (2)]
  7753 | D:8      | Killed Erica
  7754 | D:8      | Reached skill level 11 in Fighting
  8494 | D:9      | Found a shadowy altar of Dithmenos.
  8508 | D:9      | Found Miaduoco's Jewellery Shoppe.
  8996 | D:9      | Reached skill level 12 in Fighting
  9001 | D:9      | Reached ***** piety under Trog
  9182 | D:9      | Found a hazy altar of Hepliaklqana.
  9353 | D:9      | Found a shimmering blue altar of Sif Muna.
  9379 | D:10     | Entered Level 10 of the Dungeon
  9436 | D:10     | Reached skill level 13 in Fighting
  9727 | D:10     | Reached skill level 14 in Fighting
  9807 | D:10     | Found a portal to a secret trove of treasure.
  9826 | D:10     | Found a staircase to the Lair.
  9905 | D:10     | Noticed a gargoyle
  9918 | D:10     | Killed a gargoyle
 10034 | D:10     | Found a white marble altar of Elyvilon.
 10238 | D:11     | Noticed a two-headed ogre
 10242 | D:11     | Killed a two-headed ogre
 10243 | D:11     | Reached XP level 11. HP: 111/111 MP: 10/10
 10577 | D:11     | Noticed a deep elf pyromancer
 10585 | D:11     | Killed a deep elf pyromancer
 10586 | D:11     | Reached skill level 15 in Fighting
 10990 | D:11     | Noticed a boulder beetle
 11009 | D:11     | Killed a boulder beetle
 11126 | D:11     | Noticed Urug
 11140 | D:11     | Killed Urug
 11141 | D:11     | Reached skill level 5 in Armour
 11232 | D:11     | Noticed a centaur warrior
 11247 | D:11     | Killed a centaur warrior
 11756 | D:11     | Found a staircase to the Orcish Mines.
 12370 | D:12     | Noticed a two-headed ogre
 12380 | D:12     | Killed a two-headed ogre
 12509 | D:12     | Identified the ring of Ywkepogath {rC+ rN+ AC+4 Int+5}
 12524 | D:12     | Noticed a white ugly thing
 12526 | D:12     | Found a gate leading to a gauntlet.
 12534 | D:12     | Killed a white ugly thing
 12535 | D:12     | Reached skill level 10 in Armour
 12542 | Gauntlet | Entered a Gauntlet
 12542 | Gauntlet | Found a transporter.
 12542 | Gauntlet | Found a transporter.
 12565 | Gauntlet | Noticed a large abomination
 12621 | Gauntlet | Found a transporter.
 12625 | Gauntlet | Found a transporter.
 12633 | Gauntlet | Found a transporter.
 12635 | Gauntlet | Found a transporter.
 12640 | Gauntlet | Noticed a hell hog
 12643 | Gauntlet | Found a transporter.
 12658 | Gauntlet | Found a large runed translucent door.
 12659 | Gauntlet | Found a large runed translucent door.
 12660 | Gauntlet | Found a large runed translucent door.
 12660 | Gauntlet | Found a large runed translucent door.
 12661 | Gauntlet | Found a runed translucent gate.
 12662 | Gauntlet | Found a transporter.
 12662 | Gauntlet | Found a runed translucent gate.
 12662 | Gauntlet | Noticed an orange crystal statue
 12663 | Gauntlet | Found a runed translucent gate.
 12664 | Gauntlet | Found a large runed translucent door.
 12664 | Gauntlet | Found a large runed translucent door.
 12665 | Gauntlet | Found a large runed translucent door.
 12666 | Gauntlet | Found a large runed translucent door.
 12675 | Gauntlet | Found a large runed translucent door.
 12675 | Gauntlet | Found a large runed translucent door.
 12675 | Gauntlet | Found a runed translucent door.
 12675 | Gauntlet | Found a runed translucent door.
 12676 | Gauntlet | Found a large runed translucent door.
 12677 | Gauntlet | Found a large runed translucent door.
 12679 | Gauntlet | Found a transporter.
 12682 | Gauntlet | Found a transporter.
 12692 | Gauntlet | Found a transporter.
 12695 | Gauntlet | Found a transporter.
 12738 | Gauntlet | Found the +2 ratskin cloak {*Rats rPois rN+ Str-1 Int-1
                  | Dex+1}
 12743 | Gauntlet | Found a large runed translucent door.
 12744 | Gauntlet | Found a large runed translucent door.
 12745 | Gauntlet | Found a large runed translucent door.
 12745 | Gauntlet | Found a large runed translucent door.
 12782 | Gauntlet | Killed a large abomination
 13043 | Gauntlet | Noticed a catoblepas
 13269 | Gauntlet | Killed an orange crystal statue
 13270 | Gauntlet | Reached XP level 12. HP: 121/121 MP: 0/11
 13379 | Gauntlet | Identified the +3 war axe of Jonleap {spect, rF- Int+3
                  | Dex+5}
 13379 | Gauntlet | Noticed a minotaur
 13389 | Gauntlet | Killed a minotaur
 13952 | D:12     | Noticed a two-headed ogre
 13959 | D:12     | Killed a two-headed ogre
 14526 | D:13     | Reached skill level 5 in Dodging
 14667 | D:13     | Found a transporter.
 14670 | D:13     | Noticed spardeous's ghost (journeyman MiBe)
 14685 | D:13     | Found a transporter.
 14940 | D:13     | Noticed a centaur warrior
 14950 | D:13     | Killed a centaur warrior
 15783 | Lair:1   | Entered Level 1 of the Lair of Beasts
 15783 | Lair:1   | Noticed Gastronok
 15805 | Lair:1   | Killed Gastronok
 15806 | Lair:1   | Reached skill level 10 in Dodging
 15872 | Lair:1   | Noticed Sonja
 15909 | Lair:1   | Killed Sonja
 15970 | Lair:1   | Reached skill level 1 in Shields
 15970 | Lair:1   | Reached XP level 13. HP: 127/127 MP: 10/12
 16436 | Lair:2   | Found a staircase to the Shoals.
 16455 | Lair:2   | Reached skill level 5 in Shields
 17431 | Lair:3   | Reached skill level 15 in Axes
 17604 | Lair:3   | Found a staircase to the Snake Pit.
 17988 | Lair:3   | Reached skill level 1 in Maces & Flails
 18052 | Lair:3   | Found the +8 whip "Snakebite" {venom, curare, rPois}
 18373 | Lair:4   | Gained mutation: You are weak. (Str -2) [mutagenic glow]
 18640 | Lair:4   | Reached skill level 5 in Maces & Flails
 19032 | Lair:4   | Received a gift from Trog
 19147 | Lair:4   | Identified the +1 leather armour of a bailey {Rampage Str+5
                  | Slay-6 Stlth+}
 19633 | Lair:5   | Entered Level 5 of the Lair of Beasts
 20005 | Lair:5   | Reached XP level 14. HP: 124/135 MP: 13/13
 20058 | Lair:5   | Reached skill level 10 in Maces & Flails
 20274 | Lair:5   | Found a staircase to the Slime Pits.
 20568 | Lair:5   | Noticed cheesebisquit's ghost (journeyman TrFi)
 20569 | Lair:5   | Found a transporter.
 20572 | Lair:5   | Found a transporter.
 21328 | Lair:5   | Received a gift from Trog
 21414 | Lair:5   | Identified the amulet of Beauty {Reflect SH+5 Stlth+}
 22743 | Lair:5   | Killed cheesebisquit's ghost
 22902 | Lair:5   | Identified the +3 pair of gloves "Beeghef" {+Blink rElec
                  | Int-5}
 23044 | Orc:1    | Entered Level 1 of the Orcish Mines
 23101 | Orc:1    | Noticed an orc warlord
 23117 | Orc:1    | Killed an orc warlord
 23284 | Orc:1    | Received a gift from Trog
 23636 | Orc:2    | Entered Level 2 of the Orcish Mines
 23636 | Orc:2    | Found a staircase to the Elven Halls.
 24257 | Orc:2    | Reached XP level 15. HP: 103/141 MP: 14/14
 24577 | Orc:2    | Noticed Azrael
 24616 | Orc:2    | Reached ****** piety under Trog
 24645 | Orc:2    | Received a gift from Trog
 24718 | Orc:2    | Killed Azrael
 24810 | Orc:2    | Found Otzokk's Weapon Shop.
 24810 | Orc:2    | Found Horrot's Book Shoppe.
 24830 | Orc:2    | Found Rofuplum's Jewellery Emporium.
 24832 | Orc:2    | Found Yraith's Assorted Antiques.
 25133 | Orc:1    | Found Ahal's Distillery.
 25205 | Orc:1    | Bought 2 potions of haste for 320 gold pieces
 25205 | Orc:1    | Bought a potion of heal wounds for 80 gold pieces
 25205 | Orc:1    | Bought a potion of heal wounds for 80 gold pieces
 25205 | Orc:1    | Bought a potion of heal wounds for 80 gold pieces
 25556 | D:13     | Reached skill level 10 in Shields
 25582 | D:13     | Killed spardeous's ghost
 25627 | D:13     | Identified the staff of air "Diumos" {rElec rN+ Str+2}
 26154 | D:14     | Found a gate to the Vaults.
 26303 | D:14     | Noticed Joseph
 26319 | Abyss:2  | Found a corrupted altar of Lugonu.
 26319 | Abyss:2  | Cast into level 2 of the Abyss (a wizard)
 26397 | D:14     | Escaped the Abyss
 26403 | D:14     | Received a gift from Trog
 26417 | D:14     | Killed Joseph
 26418 | D:14     | Reached skill level 15 in Armour
 26689 | D:15     | Entered Level 15 of the Dungeon
 27477 | D:15     | Reached skill level 16 in Fighting
 27708 | D:15     | Found a staircase to the Depths.
 28086 | Snake:1  | Entered Level 1 of the Snake Pit
 28479 | D:6      | Bought -1 gold dragon scales for 750 gold pieces
 28939 | Snake:1  | Identified the +10 demon whip of Hacking and Slashing
                  | {flame, Drain Dex+4} (Trog gifted it to you on level 1 of
                  | the Snake Pit)
 28939 | Snake:1  | Received a gift from Trog
 28957 | Snake:1  | Noticed Louise
 28959 | Snake:1  | Noticed Donald
 28973 | Snake:1  | Killed Donald
 28983 | Snake:1  | Killed Louise
 28984 | Snake:1  | Reached skill level 17 in Fighting
 29047 | Snake:1  | Identified the +10 rapier of Mastery {flame, rF+ Will+
                  | Str-5}
 29138 | Snake:1  | Found Ozaam's Antique Armour Shoppe.
 29176 | Snake:1  | Reached XP level 16. HP: 150/155 MP: 15/15
 29579 | Snake:2  | You fall into a shaft and drop 1 floor!
 30004 | Snake:3  | Found a stormy altar of Qazlal.
 30054 | Snake:3  | Found a runed translucent gate.
 30056 | Snake:3  | Found a runed translucent gate.
 30057 | Snake:3  | Found a runed translucent gate.
 30057 | Snake:3  | Noticed monsoonserge's ghost (journeyman TrFi)
 30296 | Snake:2  | Noticed Kirke
 30424 | Snake:2  | Killed Kirke
 30788 | Snake:2  | Received a gift from Trog
 31350 | Snake:2  | Noticed Vashnia
 31378 | Snake:2  | Killed Vashnia
 32184 | Snake:2  | Received a gift from Trog
 32620 | Snake:3  | Reached XP level 17. HP: 161/163 MP: 16/16
 32664 | Snake:3  | Reached skill level 18 in Fighting
 32849 | Snake:3  | Found Mybrom's Book Emporium.
 32849 | Snake:3  | Found Builue's Jewellery Boutique.
 32850 | Snake:3  | Found Eneme's Jewellery Boutique.
 33039 | Snake:3  | Killed monsoonserge's ghost
 33064 | Snake:3  | Identified the +0 helmet of Shielding {rPois rF+++ Str-4
                  | Slay+5}
 33087 | Snake:4  | Entered Level 4 of the Snake Pit
 33329 | Snake:4  | Reached skill level 19 in Fighting
 33611 | Snake:4  | Found Muiruzem's Antique Weapon Emporium.
 33840 | Snake:4  | Found Ixkeav's Weapon Shoppe.
 33857 | Snake:4  | Found Ekhofes's Book Emporium.
 33873 | Snake:4  | Received a gift from Trog
 34207 | Snake:4  | Reached skill level 20 in Fighting
 34738 | Snake:4  | Reached skill level 21 in Fighting
 34754 | Snake:4  | Received a gift from Trog
 35162 | Snake:4  | Got a serpentine rune of Zot
 35263 | Snake:4  | Noticed Bai Suzhen
 35504 | Snake:4  | Killed Bai Suzhen
 35631 | Snake:4  | Reached skill level 22 in Fighting
 35716 | Snake:4  | Reached XP level 18. HP: 139/184 MP: 17/17
 36171 | Snake:4  | Identified the +9 broad axe "Naacagra" {heavy, rC+ Str+5}
                  | (Trog gifted it to you on level 4 of the Snake Pit)
 36171 | Snake:4  | Received a gift from Trog
 36326 | Shoals:1 | Entered Level 1 of the Shoals
 36505 | Shoals:1 | Found a hazy altar of Hepliaklqana.
 36566 | Shoals:1 | HP: 6/187 [drowned by a water elemental[a merfolk
                  | aquamancer] (7)]
 36566 | Shoals:1 | Succumbed to a sea snake's poison

Illustrated notes

Levels and vault maps discovered:
D:1:      saegor_arrival_simple_b, layout_basic, kennysheep_crisscross,
          dreamdust_mushroom_princess, st_stairs_13
D:2:      layout_basic, uniq_jessica, uniq_sigmund
D:3:      layout_basic, shapermc_ecumenical_altar_ellora,
          hellmonk_ghost_happy_afterlife
D:4:      layout_basic, ebering_ghost_rock_garden, portal_sewer_entry_a,
          grunt_ministairs_15, lexackson_kobold_supper, uniq_robin
D:5:      layout_basic, okawaru_ov_weapons_minmay, lemuel_tele_altar,
          minmay_temple_entry_mist, nicolae_ossuary_entry_plus
D:6:      layout_basic, grunt_gozag_statues, nicolae_wu_jian_glorious_leap,
          reono_crystal_passage, minmay_shop_damaged
D:7:      minmay_flawed_box, layout_cave_pools, lemuel_crystal_altar, hex_large,
          uniq_crazy_yiuf_cottage
D:8:      layout_layer_cave, cheibrodos_ashenzari_chains, uniq_erica, uniq_pikel
D:9:      layout_small_grid, lemuel_round_altar,
          nicolae_hepliaklqana_monster_ancestors, led_sif_pool, serial_shops,
          nicolae_square_shop
D:10:     layout_rooms, mainiacjoe_overflow_brackets, erik_lair_orcish_takeover,
          enter_trove_1, kennysheep_generic_room_13
D:11:     layout_layer_cave, orc_0_dummy, kennysheep_donut, st_stairs_3,
          uniq_urug
D:12:     layout_stronghold, gauntlet_entry_generic,
          chequers_serial_rivers_large_a
D:13:     layout_irregular_city, gammafunk_ghost_berserking_beasts
D:14:     layout_rooms, ximxim_vaults_locker_room, minmay_sticks_and_stones
D:15:     hangedman_depths_entry_civil_slaughter, layout_loops_ring,
          chequers_serial_rivers_micro_c
Lair:1:   gammafunk_indiana_jones, layout_big_grid,
          chequers_serial_rivers_micro_c, uniq_sonja, uniq_gastronok
Lair:2:   layout_regular_city, minmay_shoals_entry_beasts
Lair:3:   minmay_guarded_unrand_snakebite, layout_chaotic_city,
          nicolae_snake_entry_warm_welcome, st_stairs_8, serial_bayou_shore_a
Lair:4:   layout_gridlike
Lair:5:   minmay_lair_end_frog_pond, layout_hall_layers,
          dpeg_slime_entry_corner, serial_forest, infiniplex_forest_straight_2,
          infiniplex_forest_clump_diagonal, infiniplex_forest_3_way,
          infiniplex_forest_end_2, infiniplex_forest_fountain,
          infiniplex_forest_lined_room_2, infiniplex_forest_end_1,
          gammafunk_ghost_hive, minmay_lair_oklob_bushes
Shoals:1: layout_shoals, serial_shops, nicolae_shop_back_alley_shop,
          lemuel_altar_in_water, nicolae_shoals_shepherds
Snake:1:  layout_honeycomb, serial_shops, nicolae_shop_pleasant_corner_grove,
          uniq_louise, uniq_donald
Snake:2:  layout_basic, nicolae_snake_mages_go_home, uniq_kirke, uniq_vashnia
Snake:3:  layout_misc_corridors, gammafunk_ghost_necromancy, basic_altar,
          special_room, nicolae_snake_boneroom, minmay_shop_grove
Snake:4:  grunt_snake_rune_spirals, layout_onion, serial_shops, shop,
          nicolae_lakefront_shop, nicolae_shop_tiny_waterfront, uniq_bai_suzhen
Orc:1:    layout_caves, serial_shops, shop, guppyfry_library_mini
Orc:2:    st_orc_rangers, layout_caves, uniq_azrael

Skill      XL: |  1  2  3  4  5  6  7  8  9 10 11 12 13 14 15 16 17 |
---------------+----------------------------------------------------+-----
Axes           | 4 5 7 8 9 11 14 15 | 15.3
Fighting       | 4 10 14 15 17 22 | 22.8
Armour         | 11 14 15 19 | 19.7
Dodging        | 11 12 | 12.5
Shields        | 1 7 8 11 | 11.0
Maces & Flails | 9 14 | 14.2

Action                     |  1- 3 |  4- 6 |  7- 9 | 10-12 | 13-15 | 16-18 || total
---------------------------+-------+-------+-------+-------+-------+-------++-------
  Melee: Hand axe          |    69 |   175 |   286 |   547 |   204 |       ||  1281
         Headbutt          |     9 |    26 |    61 |   129 |   281 |   171 ||   677
         Punch             |       |     2 |     1 |       |       |       ||     3
         Eveningstar       |       |       |       |       |  1059 |   777 ||  1836
         Unarmed           |       |       |       |       |       |     8 ||     8
  Throw: Javelin           |       |       |       |       |    17 |       ||    17
 Invoke: Berserk           |       |     2 |     7 |    12 |    11 |    12 ||    44
         Brothers in Arms  |       |       |       |     3 |       |     1 ||     4
         Trog's Hand       |       |       |       |       |       |     2 ||     2
    Use: Scroll            |       |       |    13 |     8 |    11 |     4 ||    36
         Potion            |       |       |     8 |     6 |       |    14 ||    28
   Stab: Sleeping          |     2 |       |       |       |     1 |       ||     3
         Petrified         |       |       |       |     4 |       |       ||     4
         Distracted        |       |       |       |       |       |     1 ||     1
 Armour: Animal skin       |     8 |       |       |       |       |       ||     8
         Ring mail         |     7 |     2 |    37 |   201 |   491 |       ||   738
         Scale mail        |       |    65 |    39 |       |       |       ||   104
         Skin              |       |       |     2 |       |       |       ||     2
         Gold dragon scale |       |       |       |       |    39 |   511 ||   550
  Dodge: Dodged            |    44 |    63 |   113 |   217 |   790 |   317 ||  1544
  Block: Buckler           |       |       |     4 |    54 |   400 |       ||   458
         Reflection        |       |       |       |       |    62 |   131 ||   193
         Kite shield       |       |       |       |       |   323 |   910 ||  1233
         Other             |       |       |       |       |       |     2 ||     2
